Bruins vs Canucks

Created - 23 novembre 2021 at 14:45

Goals
1 2 3 T
Bruins 1 1 0 2
Canucks 1 1 3 5
Shots
1 2 3 T
Bruins 14 15 8 37
Canucks 10 7 20 37

1st period

1. Bruins , Brady Tkachuk 7 (Dmitry Kulikov 2, Paul Stastny 11) at 9:57
2. Canucks , Blake Wheeler 5 (Mika Zibanejad 7) at 11:35 (PP)

Penalties :
Charlie McAvoy (VAN) for Holding (Minor) at 6:12, Dmitry Kulikov (BOS) for Interference (Minor) at 11:34, Michael McLeod (VAN) for Tripping (Minor) at 13:36

2nd period

3. Canucks , Blake Wheeler 6 (Alex Killorn 7, Alex Tuch 6) at 11:40
4. Bruins , Luke Glendening 3 (Max Comtois 1, Nico Hischier 6) at 15:14

Penalties :
Mika Zibanejad (VAN) for Hooking (Minor) at 0:05, Joel Edmundson (BOS) for Holding (Minor) at 5:10, Brady Tkachuk (BOS) for Hooking (Minor) at 11:45

3rd period

5. Canucks , Alex Tuch 5 (Dominik Kubalik 11) at 3:04 (PP)
6. Canucks , Mika Zibanejad 5 (Matt Grzelcyk 5, Jordan Martinook 4) at 13:47
7. Canucks , Alex Killorn 4 (Blake Wheeler 8, Mika Zibanejad 8) at 14:44

Penalties :
Joel Edmundson (BOS) for Interference (Minor) at 1:59

Goalie Stats

Petr Mrazek (BOS), 32 saves from 37 shots - (0,865), L, 3-2-1, 60:00 minutes
Ben Bishop (VAN), 35 saves from 37 shots - (0,946), W, 8-2-1, 60:00 minutes

Players Stats for Bruins

Player Name              G  A  P  +/- PIM S  H  SB GA TA FO     MP     PP MP  PK MP  
------------------------------------------------------------------------------------
Andrew Agozzino          0  0  0   0  0   0  0  0  0  0  0/2     6:47   0:00   0:00 
Andy Greene              0  0  0  -1  0   0  0  0  0  1  0/0    21:09   0:28   3:11 
Anthony Beauvillier      0  0  0  -1  0   8  0  0  0  0  1/1    17:28   2:48   0:11 
Anthony Mantha           0  0  0  -1  0   0  2  1  0  0  1/2    19:35   3:09   0:00 
Brady Tkachuk            1  0  1  -1  2   8  3  0  0  0  8/25   19:34   3:09   0:00 
Brent Burns              0  0  0   0  0   3  0  2  1  0  0/0    23:46   3:45   2:40 
Casey Cizikas            0  0  0  -1  0   0  0  0  0  0  4/7    18:26   1:27   2:31 
Dmitry Kulikov           0  1  1   0  2   0  1  0  0  0  0/0    22:29   2:52   2:24 
Ilya Mikheyev            0  0  0   0  0   0  1  0  1  0  0/1     9:18   0:00   2:31 
Jake Debrusk             0  0  0   0  0   1  1  0  1  0  0/0     6:47   0:00   0:00 
Jakob Chychrun           0  0  0  -1  0   3  0  2  0  0  0/0    20:22   3:05   1:10 
Joel Edmundson           0  0  0   0  4   0  1  0  1  2  0/0    18:07   3:05   0:43 
Luke Glendening          1  0  1   1  0   1  3  0  0  0  1/2    13:39   0:00   2:22 
Max Comtois              0  1  1   1  0   2  1  1  0  0  0/0    11:20   0:00   0:03 
Nico Hischier            0  1  1   1  0   1  0  0  0  0  4/7    13:48   0:00   2:30 
Paul Stastny             0  1  1  -1  0   4  2  0  2  0  1/1    19:35   3:09   0:00 
Pierre-Olivier Joseph    0  0  0   0  0   1  2  1  0  1  0/0    15:26   0:00   0:00 
Sean Monahan             0  0  0  -1  0   5  2  0  1  0  8/14   17:16   2:48   0:00 

Players Stats for Canucks

Player Name              G  A  P  +/- PIM S  H  SB GA TA FO     MP     PP MP  PK MP  
------------------------------------------------------------------------------------
Alex Killorn             1  1  2   1  0   8  0  0  0  0  0/0    19:45   2:46   1:39 
Alex Tuch                1  1  2   0  0   9  0  1  0  0  0/0    19:10   2:18   1:39 
Blake Wheeler            2  1  3   1  0   5  2  0  0  1  1/1    21:33   2:46   3:10 
Charlie McAvoy           0  0  0   1  2   0  1  0  1  2  0/0    23:34   2:47   2:23 
Darnell Nurse            0  0  0   1  0   2  1  0  0  0  0/0    27:34   2:47   3:42 
Denis Gurianov           0  0  0  -1  0   0  0  1  2  0  0/0    12:17   0:00   0:00 
Dominik Kubalik          0  1  1   0  0   4  2  1  0  1  0/2    18:44   2:18   1:02 
Erik Johnson             0  0  0  -2  0   0  0  1  0  0  0/0    20:54   2:17   2:15 
Jason Dickinson          0  0  0  -1  0   1  0  0  0  1  2/5    12:45   0:02   0:00 
Jordan Martinook         0  1  1   1  0   0  1  1  0  0  3/5     5:41   0:00   0:00 
Matt Grzelcyk            0  1  1   2  0   0  0  1  0  1  0/0    12:40   0:00   1:08 
Michael McLeod           0  0  0  -1  2   1  1  0  0  1  1/2    14:06   0:00   1:22 
Mika Zibanejad           1  2  3   2  2   5  3  1  1  0  17/29  25:47   2:44   2:12 
Oscar Klefbom            0  0  0  -2  0   2  0  1  0  0  0/0    20:54   2:17   2:15 
Pierre Engvall           0  0  0   1  0   0  0  0  0  0  0/0     5:41   0:00   0:00 
Quinn Hughes             0  0  0   2  0   0  0  1  0  0  0/0    11:32   0:00   0:00 
Ryan Getzlaf             0  0  0   0  0   0  2  0  0  0  10/18  18:32   2:18   0:50 
Victor Mete              0  0  0   0  0   0  1  0  0  0  0/0     2:51   0:00   0:11 

3 Stars

1 - Blake Wheeler (VAN)
2 - Mika Zibanejad (VAN)
3 - Alex Killorn (VAN)

Power Play

Bruins - 0 on 3 Attempt(s) - 0,00%
Canucks - 2 on 4 Attempt(s) - 50,00%

Penalty Kill

Bruins - 2 on 4 Attempt(s) - 50,00% - Score 0 goal in Penalty Kill
Canucks - 3 on 3 Attempt(s) - 100,00% - Score 0 goal in Penalty Kill

Team Stat

Bruins - Hits : 19 - Faceoff Wins : 28 - Blocked Shots : 7 - Penalty Minutes : 8
Canucks - Hits : 14 - Faceoff Wins : 34 - Blocked Shots : 9 - Penalty Minutes : 6

Official

Referees : Brian Pochmara and Justin St. Pierre
Linesman : Brian Murphy and James Tobias

Game Notes

No Game Note

Finance

Level 1 -- Attendance: 5516 (91,93%) -- Ticket Income 524 020 $
Level 2 -- Attendance: 4667 (93,34%) -- Ticket Income 256 685 $
Level 3 -- Attendance: 2000 (100,00%) -- Ticket Income 60 000 $
Level 4 -- Attendance: 4000 (100,00%) -- Ticket Income 80 000 $
Luxury Box -- Attendance: 980 (98,00%) -- Ticket Income 171 500 $
Game was played at the Green men Ice Stadium.
Total Attendance: 17163 (95,35%)
Total Ticket Income: 1 092 205 $
Other Income: 535 180 $
Total Income: 1 627 385 $

Bruins

5 vs 5 Forward 
   Center                   Left Wing                Right Wing               Time % Phy DF OF 
 1 Brady Tkachuk            Paul Stastny             Anthony Mantha           35     0   3  2  
 2 Sean Monahan             Casey Cizikas            Anthony Beauvillier      30     0   3  2  
 3 Nico Hischier            Max Comtois              Luke Glendening          25     0   2  3  
 4 Andrew Agozzino          Jake Debrusk             Ilya Mikheyev            10     0   3  2  

5 vs 5 Defense 
   Defense                  Defense                                           Time % Phy DF OF 
 1 Dmitry Kulikov           Brent Burns                                       36     1   2  2  
 2 Andy Greene              Jakob Chychrun                                    34     1   2  2  
 3 Pierre-Olivier Joseph    Joel Edmundson                                    30     1   2  2  
 4 Brent Burns              Pierre-Olivier Joseph                             0      1   2  2  

PowerPlay Forward 
   Center                   Left Wing                Right Wing               Time % Phy DF OF 
 1 Brady Tkachuk            Paul Stastny             Anthony Mantha           60     0   0  5  
 2 Sean Monahan             Anthony Beauvillier      Brent Burns              40     0   0  5  

PowerPlay Defense
   Defense                  Defense                                           Time % Phy DF OF 
 1 Brent Burns              Dmitry Kulikov                                    60     0   2  3  
 2 Jakob Chychrun           Joel Edmundson                                    40     0   2  3  

Penalty Kill 4 Players Forward 
   Center                   Wing                     Time % Phy DF OF 
 1 Casey Cizikas            Ilya Mikheyev            50     0   4  1  
 2 Luke Glendening          Nico Hischier            50     0   4  1  

Penalty Kill 4 Players Defense
   Defense                  Defense                  Time % Phy DF OF 
 1 Brent Burns              Andy Greene              60     0   4  1  
 2 Joel Edmundson           Dmitry Kulikov           40     0   4  1  

Penalty Kill - 3 Players Forward 
   Forward                                           Time % Phy DF OF 
 1 Luke Glendening                                   50     0   4  1  
 2 Casey Cizikas                                     50     0   4  1  

Penalty Kill - 3 Players Defense
   Defense                  Defense                  Time % Phy DF OF 
 1 Brent Burns              Joel Edmundson           50     0   4  1  
 2 Jakob Chychrun           Dmitry Kulikov           50     0   4  1  

4 vs 4 Forward 
   Center                   Wing                     Time % Phy DF OF 
 1 Sean Monahan             Brady Tkachuk            55     1   2  2  
 2 Paul Stastny             Anthony Beauvillier      45     1   2  2  

4 vs 4 Defense
   Defense                  Defense                  Time % Phy DF OF 
 1 Brent Burns              Jakob Chychrun           55     0   3  2  
 2 Joel Edmundson           Dmitry Kulikov           45     0   2  3  

Last Minutes Offensive
   Center                   Left Wing                Right Wing               Defense                  Defense                  
   Brady Tkachuk            Paul Stastny             Anthony Mantha           Brent Burns              Jakob Chychrun           

Last Minutes Defensive
   Center                   Left Wing                Right Wing               Defense                  Defense                  
   Casey Cizikas            Paul Stastny             Luke Glendening          Brent Burns              Jakob Chychrun           

Goaltenders
Starting : Petr Mrazek              
Backup : Juuse Saros              

Extra Forwards
Normal : Casey Cizikas, Ilya Mikheyev, Jake Debrusk - PP : Casey Cizikas, Ilya Mikheyev - PK : Anthony Beauvillier
Extra Defensemen
Normal : Pierre-Olivier Joseph, Andy Greene, Jakob Chychrun - PP : Andy Greene - PK : Andy Greene, Jakob Chychrun
Penalty Shots
Brent Burns, Brady Tkachuk, Sean Monahan, Andy Greene, Paul Stastny
Custom OT Lines Forwards
Brent Burns, Brady Tkachuk, Sean Monahan, Paul Stastny, Anthony Mantha, Anthony Beauvillier, Luke Glendening, Casey Cizikas, Ilya Mikheyev, Jake Debrusk
Custom OT Lines Defensemen
Brent Burns, Jakob Chychrun, Dmitry Kulikov, Joel Edmundson, Andy Greene

Scratches
Seth Jones (Healthy), Jayson Megna (Healthy)

Canucks

5 vs 5 Forward 
   Center                   Left Wing                Right Wing               Time % Phy DF OF 
 1 Mika Zibanejad           Blake Wheeler            Alex Killorn             40     1   2  2  
 2 Ryan Getzlaf             Dominik Kubalik          Alex Tuch                30     1   2  2  
 3 Jason Dickinson          Denis Gurianov           Michael McLeod           20     1   2  2  
 4 Jordan Martinook         Pierre Engvall           Mika Zibanejad           10     1   2  2  

5 vs 5 Defense 
   Defense                  Defense                                           Time % Phy DF OF 
 1 Darnell Nurse            Charlie McAvoy                                    40     1   2  2  
 2 Oscar Klefbom            Erik Johnson                                      30     1   2  2  
 3 Quinn Hughes             Matt Grzelcyk                                     20     1   2  2  
 4 Victor Mete              Darnell Nurse                                     10     1   2  2  

PowerPlay Forward 
   Center                   Left Wing                Right Wing               Time % Phy DF OF 
 1 Mika Zibanejad           Blake Wheeler            Alex Killorn             60     1   2  2  
 2 Ryan Getzlaf             Dominik Kubalik          Alex Tuch                40     1   2  2  

PowerPlay Defense
   Defense                  Defense                                           Time % Phy DF OF 
 1 Darnell Nurse            Charlie McAvoy                                    60     1   2  2  
 2 Oscar Klefbom            Erik Johnson                                      40     1   2  2  

Penalty Kill 4 Players Forward 
   Center                   Wing                     Time % Phy DF OF 
 1 Mika Zibanejad           Blake Wheeler            60     1   2  2  
 2 Alex Killorn             Alex Tuch                40     1   2  2  

Penalty Kill 4 Players Defense
   Defense                  Defense                  Time % Phy DF OF 
 1 Darnell Nurse            Charlie McAvoy           60     1   2  2  
 2 Oscar Klefbom            Erik Johnson             40     1   2  2  

Penalty Kill - 3 Players Forward 
   Forward                                           Time % Phy DF OF 
 1 Mika Zibanejad                                    60     1   2  2  
 2 Blake Wheeler                                     40     1   2  2  

Penalty Kill - 3 Players Defense
   Defense                  Defense                  Time % Phy DF OF 
 1 Darnell Nurse            Charlie McAvoy           60     1   2  2  
 2 Oscar Klefbom            Erik Johnson             40     1   2  2  

4 vs 4 Forward 
   Center                   Wing                     Time % Phy DF OF 
 1 Mika Zibanejad           Blake Wheeler            60     1   2  2  
 2 Alex Killorn             Alex Tuch                40     1   2  2  

4 vs 4 Defense
   Defense                  Defense                  Time % Phy DF OF 
 1 Darnell Nurse            Charlie McAvoy           60     1   2  2  
 2 Oscar Klefbom            Erik Johnson             40     1   2  2  

Last Minutes Offensive
   Center                   Left Wing                Right Wing               Defense                  Defense                  
   Mika Zibanejad           Blake Wheeler            Alex Killorn             Darnell Nurse            Charlie McAvoy           

Last Minutes Defensive
   Center                   Left Wing                Right Wing               Defense                  Defense                  
   Mika Zibanejad           Blake Wheeler            Alex Killorn             Darnell Nurse            Charlie McAvoy           

Goaltenders
Starting : Ben Bishop               
Backup : Chris Driedger           

Extra Forwards
Normal : Jason Dickinson, Denis Gurianov, Michael McLeod - PP : Jason Dickinson, Denis Gurianov - PK : Michael McLeod
Extra Defensemen
Normal : Quinn Hughes, Matt Grzelcyk, Victor Mete - PP : Quinn Hughes - PK : Matt Grzelcyk, Victor Mete
Penalty Shots
Mika Zibanejad, Blake Wheeler, Alex Killorn, Alex Tuch, Dominik Kubalik
Custom OT Lines Forwards
Mika Zibanejad, Blake Wheeler, Alex Killorn, Alex Tuch, Dominik Kubalik, Ryan Getzlaf, Jason Dickinson, Denis Gurianov, Michael McLeod, Pierre Engvall
Custom OT Lines Defensemen
Darnell Nurse, Charlie McAvoy, Oscar Klefbom, Erik Johnson, Quinn Hughes

Scratches
Mikko Koivu (Healthy)

% Time on Ice - Bruins

Lines # - Real PCT - Wanted PCT - Time Play
Normal Forward
1 - 34% - 35% - 16:26
2 - 30% - 30% - 14:29
3 - 23% - 25% - 11:17
4 - 14% - 10% - 6:47
Normal Defense
1 - 36% - 36% - 17:26
2 - 33% - 34% - 16:07
3 - 30% - 30% - 14:34
4 - 2% - 0% - 0:52
PP Forward
1 - 53% - 60% - 3:09
2 - 47% - 40% - 2:48
PP Defense
1 - 48% - 60% - 2:52
2 - 52% - 40% - 3:05
PK Forward
1 - 50% - 50% - 2:31
2 - 50% - 50% - 2:33
PK Defense
1 - 49% - 60% - 2:29
2 - 51% - 40% - 2:35
PK3 Forward
1 - 0% - 50%
2 - 0% - 50%
PK3 Defense
1 - 0% - 50%
2 - 0% - 50%
44 Forward
1 - 0% - 55%
2 - 0% - 45%
44 Defense
1 - 0% - 55%
2 - 0% - 45%
Last Minute Offensive  - 0:00
Last Minute Defensive  - 0:00
Total
Forward - 60:00
Defense - 60:00

% Time on Ice - Canucks

Lines # - Real PCT - Wanted PCT - Time Play
Normal Forward
1 - 32% - 40% - 15:48
2 - 31% - 30% - 15:13
3 - 25% - 20% - 12:17
4 - 12% - 10% - 5:41
Normal Defense
1 - 38% - 40% - 18:25
2 - 33% - 30% - 16:22
3 - 24% - 20% - 11:32
4 - 5% - 10% - 2:40
PP Forward
1 - 55% - 60% - 2:46
2 - 45% - 40% - 2:18
PP Defense
1 - 55% - 60% - 2:47
2 - 45% - 40% - 2:17
PK Forward
1 - 72% - 60% - 4:18
2 - 28% - 40% - 1:39
PK Defense
1 - 62% - 60% - 3:42
2 - 38% - 40% - 2:15
PK3 Forward
1 - 0% - 60%
2 - 0% - 40%
PK3 Defense
1 - 0% - 60%
2 - 0% - 40%
44 Forward
1 - 0% - 60%
2 - 0% - 40%
44 Defense
1 - 0% - 60%
2 - 0% - 40%
Last Minute Offensive  - 0:00
Last Minute Defensive  - 0:00
Total
Forward - 60:00
Defense - 60:00

Play-by-Play

1st period


0:01 of 1st period - Mika Zibanejad wins face-off versus Brady Tkachuk in neutral zone.
0:34 of 1st period - Slapshot by Jason Dickinson.
0:34 of 1st period - Stopped by Petr Mrazek with a rebound.
0:36 of 1st period - Backhand shot by Oscar Klefbom.
0:36 of 1st period - Shot Misses the Net.
1:13 of 1st period - Slapshot by Mika Zibanejad.
1:13 of 1st period - Deflect By Pierre Engvall.
1:13 of 1st period - Shot Misses the Net.
1:13 of 1st period - Puck is out of play.
1:14 of 1st period - Mika Zibanejad wins face-off versus Andrew Agozzino in Bruins zone.
1:17 of 1st period - Wrist shot by Alex Killorn.
1:17 of 1st period - Stopped by Petr Mrazek with a rebound.
1:39 of 1st period - Icing by Matt Grzelcyk.
1:40 of 1st period - Ryan Getzlaf wins face-off versus Nico Hischier in Canucks zone.
1:56 of 1st period - Wrist shot by Max Comtois.
1:56 of 1st period - Stopped by Ben Bishop with a rebound.
2:13 of 1st period - Jakob Chychrun is hit by Charlie McAvoy and loses puck.
2:32 of 1st period - Charlie McAvoy is hit by Anthony Mantha and loses puck.
2:46 of 1st period - Off-side.
2:47 of 1st period - Jordan Martinook wins face-off versus Ilya Mikheyev in neutral zone.
3:00 of 1st period - Andrew Agozzino is hit by Jordan Martinook and loses puck.
3:21 of 1st period - Snap shot by Sean Monahan.
3:21 of 1st period - Stopped by Ben Bishop without a rebound.
3:22 of 1st period - Jason Dickinson wins face-off versus Nico Hischier in Canucks zone.
3:40 of 1st period - Icing by Darnell Nurse.
3:41 of 1st period - Jason Dickinson wins face-off versus Brady Tkachuk in Canucks zone.
4:41 of 1st period - Wrist shot by Anthony Beauvillier.
4:41 of 1st period - Stopped by Ben Bishop with a rebound.
4:59 of 1st period - Slapshot by Dominik Kubalik.
4:59 of 1st period - Stopped by Petr Mrazek without a rebound.
5:00 of 1st period - Brady Tkachuk wins face-off versus Ryan Getzlaf in Bruins zone.
5:36 of 1st period - Wrist shot by Alex Killorn.
5:36 of 1st period - Stopped by Petr Mrazek with a rebound.
5:48 of 1st period - Snap shot by Paul Stastny.
5:48 of 1st period - Stopped by Ben Bishop without a rebound.
5:49 of 1st period - Sean Monahan wins face-off versus Jordan Martinook in Canucks zone.
5:50 of 1st period - Slapshot by Anthony Beauvillier.
5:50 of 1st period - Stopped by Ben Bishop without a rebound.
5:51 of 1st period - Jordan Martinook wins face-off versus Sean Monahan in Canucks zone.
5:51 of 1st period - Jordan Martinook is hit by Sean Monahan.
6:05 of 1st period - Slapshot by Sean Monahan.
6:05 of 1st period - Shot Blocked by Jordan Martinook.
6:07 of 1st period - Slapshot by Brent Burns.
6:07 of 1st period - Stopped by Ben Bishop without a rebound.
6:08 of 1st period - Nico Hischier wins face-off versus Dominik Kubalik in Canucks zone.
6:12 of 1st period - Minor Penalty to Charlie McAvoy for Holding.
6:13 of 1st period - Mika Zibanejad wins face-off versus Brady Tkachuk in Canucks zone.
6:16 of 1st period - Off-side.
6:17 of 1st period - Mika Zibanejad wins face-off versus Brady Tkachuk in neutral zone.
6:20 of 1st period - Brent Burns is hit by Blake Wheeler.
7:39 of 1st period - Alex Tuch is hit by Sean Monahan and loses puck.
8:12 of 1st period - Penalty to Charlie McAvoy is over, Charlie McAvoy is back on ice.
8:46 of 1st period - Off-side.
8:47 of 1st period - Nico Hischier wins face-off versus Jason Dickinson in neutral zone.
9:08 of 1st period - Matt Grzelcyk is hit by Jake Debrusk and loses puck.
9:51 of 1st period - Snap shot by Paul Stastny.
9:51 of 1st period - Stopped by Ben Bishop with a rebound.
9:57 of 1st period - Snap shot by Brady Tkachuk.
9:57 of 1st period - Goal by Brady Tkachuk - Bruins : 1 - Canucks : 0.
9:58 of 1st period - Mika Zibanejad wins face-off versus Sean Monahan in neutral zone.
10:25 of 1st period - Charlie McAvoy is hit by Brady Tkachuk and loses puck.
11:10 of 1st period - Darnell Nurse is hit by Luke Glendening and loses puck.
11:34 of 1st period - Minor Penalty to Dmitry Kulikov for Interference.
11:35 of 1st period - Mika Zibanejad wins face-off versus Casey Cizikas in Bruins zone.
11:35 of 1st period - Snap shot by Blake Wheeler.
11:35 of 1st period - Goal by Blake Wheeler - Bruins : 1 - Canucks : 1.
11:36 of 1st period - Anthony Beauvillier wins face-off versus Mika Zibanejad in neutral zone.
12:26 of 1st period - Michael McLeod is hit by Joel Edmundson and loses puck.
12:35 of 1st period - Wrist shot by Erik Johnson.
12:35 of 1st period - Deflect By Denis Gurianov.
12:35 of 1st period - Shot Misses the Net.
12:35 of 1st period - Puck is out of play.
12:36 of 1st period - Mika Zibanejad wins face-off versus Sean Monahan in Bruins zone.
13:12 of 1st period - Slapshot by Alex Tuch.
13:12 of 1st period - Shot Misses the Net.
13:36 of 1st period - Minor Penalty to Michael McLeod for Tripping.
13:37 of 1st period - Mika Zibanejad wins face-off versus Brady Tkachuk in Canucks zone.
14:11 of 1st period - Snap shot by Sean Monahan.
14:11 of 1st period - Stopped by Ben Bishop without a rebound.
14:12 of 1st period - Brady Tkachuk wins face-off versus Mika Zibanejad in Canucks zone.
14:21 of 1st period - Snap shot by Brady Tkachuk.
14:21 of 1st period - Stopped by Ben Bishop with a rebound.
14:23 of 1st period - Slapshot by Brady Tkachuk.
14:23 of 1st period - Shot Blocked by Oscar Klefbom.
14:25 of 1st period - Slapshot by Joel Edmundson.
14:25 of 1st period - Shot Hit the Post.
15:36 of 1st period - Penalty to Michael McLeod is over, Michael McLeod is back on ice.
15:46 of 1st period - Wrist shot by Max Comtois.
15:46 of 1st period - Deflect By Nico Hischier.
15:46 of 1st period - Stopped by Ben Bishop without a rebound.
15:47 of 1st period - Nico Hischier wins face-off versus Jason Dickinson in Canucks zone.
16:45 of 1st period - Snap shot by Blake Wheeler.
16:45 of 1st period - Stopped by Petr Mrazek with a rebound.
17:28 of 1st period - Snap shot by Brent Burns.
17:28 of 1st period - Deflect By Alex Tuch.
17:28 of 1st period - Stopped by Ben Bishop with a rebound.
17:30 of 1st period - Wrist shot by Anthony Beauvillier.
17:30 of 1st period - Stopped by Ben Bishop with a rebound.
17:32 of 1st period - Slapshot by Dmitry Kulikov.
17:32 of 1st period - Deflect By Anthony Beauvillier.
17:32 of 1st period - Stopped by Ben Bishop with a rebound.
17:34 of 1st period - Snap shot by Sean Monahan.
17:34 of 1st period - Deflect By Matt Grzelcyk.
17:34 of 1st period - Shot Misses the Net.
17:34 of 1st period - Puck is out of play.
17:35 of 1st period - Ryan Getzlaf wins face-off versus Brady Tkachuk in Canucks zone.
17:42 of 1st period - Backhand shot by Dominik Kubalik.
17:42 of 1st period - Stopped by Petr Mrazek with a rebound.
17:44 of 1st period - Snap shot by Alex Tuch.
17:44 of 1st period - Stopped by Petr Mrazek with a rebound.
17:46 of 1st period - Wrist shot by Ryan Getzlaf.
17:46 of 1st period - Shot Misses the Net.
17:50 of 1st period - Wrist shot by Alex Tuch.
17:50 of 1st period - Shot Misses the Net.
17:52 of 1st period - Slapshot by Charlie McAvoy.
17:52 of 1st period - Shot Misses the Net.
17:54 of 1st period - Slapshot by Darnell Nurse.
17:54 of 1st period - Shot Misses the Net.
17:56 of 1st period - Slapshot by Charlie McAvoy.
17:56 of 1st period - Deflect By Alex Tuch.
17:56 of 1st period - Stopped by Petr Mrazek with a rebound.
18:12 of 1st period - Snap shot by Dominik Kubalik.
18:12 of 1st period - Stopped by Petr Mrazek without a rebound.
18:13 of 1st period - Nico Hischier wins face-off versus Mika Zibanejad in Bruins zone.
Goals for this period are 1 for Bruins vs 1 for Canucks.
Shots for this period are 14 for Bruins vs 10 for Canucks.

2nd period


0:01 of 2nd period - Brady Tkachuk wins face-off versus Mika Zibanejad in neutral zone.
0:05 of 2nd period - Minor Penalty to Mika Zibanejad for Hooking.
0:06 of 2nd period - Michael McLeod wins face-off versus Brady Tkachuk in Canucks zone.
1:10 of 2nd period - Slapshot by Alex Killorn.
1:10 of 2nd period - Stopped by Petr Mrazek with a rebound.
2:05 of 2nd period - Penalty to Mika Zibanejad is over, Mika Zibanejad is back on ice.
2:21 of 2nd period - Snap shot by Max Comtois.
2:21 of 2nd period - Stopped by Ben Bishop without a rebound.
2:22 of 2nd period - Ryan Getzlaf wins face-off versus Nico Hischier in Canucks zone.
2:35 of 2nd period - Matt Grzelcyk is hit by Luke Glendening and loses puck.
3:24 of 2nd period - Matt Grzelcyk is hit by Anthony Mantha and loses puck.
3:29 of 2nd period - Snap shot by Paul Stastny.
3:29 of 2nd period - Shot Blocked by Denis Gurianov.
3:31 of 2nd period - Slapshot by Jakob Chychrun.
3:31 of 2nd period - Shot Blocked by Quinn Hughes.
3:41 of 2nd period - Dominik Kubalik is hit by Max Comtois and loses puck.
3:50 of 2nd period - Snap shot by Max Comtois.
3:50 of 2nd period - Shot Blocked by Alex Tuch.
5:10 of 2nd period - Minor Penalty to Joel Edmundson for Holding.
5:11 of 2nd period - Luke Glendening wins face-off versus Mika Zibanejad in Bruins zone.
5:16 of 2nd period - Snap shot by Nico Hischier.
5:16 of 2nd period - Shot Misses the Net.
6:01 of 2nd period - Snap shot by Alex Killorn.
6:01 of 2nd period - Stopped by Petr Mrazek with a rebound.
6:11 of 2nd period - Blake Wheeler is hit by Luke Glendening and loses puck.
7:10 of 2nd period - Penalty to Joel Edmundson is over, Joel Edmundson is back on ice.
7:40 of 2nd period - Wrist shot by Sean Monahan.
7:40 of 2nd period - Stopped by Ben Bishop without a rebound.
7:41 of 2nd period - Sean Monahan wins face-off versus Jordan Martinook in Canucks zone.
7:44 of 2nd period - Snap shot by Sean Monahan.
7:44 of 2nd period - Stopped by Ben Bishop with a rebound.
7:46 of 2nd period - Slapshot by Brent Burns.
7:46 of 2nd period - Stopped by Ben Bishop with a rebound.
7:48 of 2nd period - Snap shot by Sean Monahan.
7:48 of 2nd period - Shot Blocked by Mika Zibanejad.
8:06 of 2nd period - Snap shot by Michael McLeod.
8:06 of 2nd period - Stopped by Petr Mrazek with a rebound.
8:12 of 2nd period - Jason Dickinson is hit by Pierre-Olivier Joseph and loses puck.
8:47 of 2nd period - Slapshot by Brady Tkachuk.
8:47 of 2nd period - Stopped by Ben Bishop with a rebound.
8:49 of 2nd period - Slapshot by Jakob Chychrun.
8:49 of 2nd period - Stopped by Ben Bishop with a rebound.
8:51 of 2nd period - Snap shot by Paul Stastny.
8:51 of 2nd period - Deflect By Brady Tkachuk.
8:51 of 2nd period - Stopped by Ben Bishop without a rebound.
8:52 of 2nd period - Brady Tkachuk wins face-off versus Ryan Getzlaf in Canucks zone.
8:57 of 2nd period - Slapshot by Brady Tkachuk.
8:57 of 2nd period - Stopped by Ben Bishop without a rebound.
8:58 of 2nd period - Brady Tkachuk wins face-off versus Ryan Getzlaf in Canucks zone.
8:59 of 2nd period - Snap shot by Paul Stastny.
8:59 of 2nd period - Shot Misses the Net.
9:09 of 2nd period - Wrist shot by Ryan Getzlaf.
9:09 of 2nd period - Shot Blocked by Anthony Mantha.
9:47 of 2nd period - Wrist shot by Nico Hischier.
9:47 of 2nd period - Shot Misses the Net.
9:53 of 2nd period - Wrist shot by Oscar Klefbom.
9:53 of 2nd period - Stopped by Petr Mrazek with a rebound.
10:03 of 2nd period - Luke Glendening is hit by Mika Zibanejad.
10:30 of 2nd period - Max Comtois is hit by Dominik Kubalik and loses puck.
11:02 of 2nd period - Wrist shot by Anthony Beauvillier.
11:02 of 2nd period - Shot Blocked by Matt Grzelcyk.
11:04 of 2nd period - Slapshot by Jakob Chychrun.
11:04 of 2nd period - Stopped by Ben Bishop with a rebound.
11:40 of 2nd period - Snap shot by Blake Wheeler.
11:40 of 2nd period - Goal by Blake Wheeler - Bruins : 1 - Canucks : 2.
11:41 of 2nd period - Mika Zibanejad wins face-off versus Brady Tkachuk in neutral zone.
11:45 of 2nd period - Minor Penalty to Brady Tkachuk for Hooking.
11:46 of 2nd period - Casey Cizikas wins face-off versus Mika Zibanejad in Bruins zone.
12:13 of 2nd period - Icing by Alex Tuch.
12:14 of 2nd period - Ryan Getzlaf wins face-off versus Casey Cizikas in Canucks zone.
13:45 of 2nd period - Penalty to Brady Tkachuk is over, Brady Tkachuk is back on ice.
13:56 of 2nd period - Icing by Denis Gurianov.
13:57 of 2nd period - Brady Tkachuk wins face-off versus Jason Dickinson in Canucks zone.
14:04 of 2nd period - Wrist shot by Brady Tkachuk.
14:04 of 2nd period - Stopped by Ben Bishop without a rebound.
14:05 of 2nd period - Mika Zibanejad wins face-off versus Anthony Mantha in Canucks zone.
14:05 of 2nd period - Mika Zibanejad is hit by Paul Stastny.
14:31 of 2nd period - Wrist shot by Sean Monahan.
14:31 of 2nd period - Shot Misses the Net.
14:37 of 2nd period - Wrist shot by Sean Monahan.
14:37 of 2nd period - Shot Misses the Net.
14:39 of 2nd period - Snap shot by Sean Monahan.
14:39 of 2nd period - Shot Blocked by Dominik Kubalik.
14:41 of 2nd period - Slapshot by Pierre-Olivier Joseph.
14:41 of 2nd period - Stopped by Ben Bishop without a rebound.
14:42 of 2nd period - Brady Tkachuk wins face-off versus Mika Zibanejad in Canucks zone.
14:43 of 2nd period - Snap shot by Paul Stastny.
14:43 of 2nd period - Stopped by Ben Bishop without a rebound.
14:44 of 2nd period - Mika Zibanejad wins face-off versus Brady Tkachuk in Canucks zone.
15:12 of 2nd period - Slapshot by Max Comtois.
15:12 of 2nd period - Shot Misses the Net.
15:14 of 2nd period - Slapshot by Luke Glendening.
15:14 of 2nd period - Goal by Luke Glendening - Bruins : 2 - Canucks : 2.
15:15 of 2nd period - Mika Zibanejad wins face-off versus Sean Monahan in neutral zone.
15:20 of 2nd period - Snap shot by Mika Zibanejad.
15:20 of 2nd period - Stopped by Petr Mrazek with a rebound.
15:22 of 2nd period - Snap shot by Blake Wheeler.
15:22 of 2nd period - Shot Blocked by Brent Burns.
15:24 of 2nd period - Snap shot by Blake Wheeler.
15:24 of 2nd period - Deflect By Sean Monahan.
15:24 of 2nd period - Shot Misses the Net.
15:24 of 2nd period - Puck is out of play.
15:25 of 2nd period - Sean Monahan wins face-off versus Mika Zibanejad in Bruins zone.
15:56 of 2nd period - Wrist shot by Mika Zibanejad.
15:56 of 2nd period - Shot Blocked by Brent Burns.
15:58 of 2nd period - Slapshot by Darnell Nurse.
15:58 of 2nd period - Deflect By Anthony Beauvillier.
15:58 of 2nd period - Stopped by Petr Mrazek with a rebound.
16:00 of 2nd period - Backhand shot by Charlie McAvoy.
16:00 of 2nd period - Deflect By Blake Wheeler.
16:00 of 2nd period - Shot Misses the Net.
16:00 of 2nd period - Puck is out of play.
16:01 of 2nd period - Paul Stastny wins face-off versus Ryan Getzlaf in Bruins zone.
16:28 of 2nd period - Luke Glendening is hit by Michael McLeod and loses puck.
17:19 of 2nd period - Wrist shot by Anthony Beauvillier.
17:19 of 2nd period - Stopped by Ben Bishop without a rebound.
17:20 of 2nd period - Ryan Getzlaf wins face-off versus Brady Tkachuk in Canucks zone.
19:41 of 2nd period - Darnell Nurse is hit by Ilya Mikheyev and loses puck.
19:52 of 2nd period - Wrist shot by Jake Debrusk.
19:52 of 2nd period - Stopped by Ben Bishop with a rebound.
Goals for this period are 1 for Bruins vs 1 for Canucks.
Shots for this period are 15 for Bruins vs 7 for Canucks.

3rd period


0:01 of 3rd period - Mika Zibanejad wins face-off versus Brady Tkachuk in neutral zone.
0:04 of 3rd period - Wrist shot by Blake Wheeler.
0:04 of 3rd period - Stopped by Petr Mrazek with a rebound.
0:33 of 3rd period - Off-side.
0:34 of 3rd period - Casey Cizikas wins face-off versus Ryan Getzlaf in neutral zone.
0:37 of 3rd period - Slapshot by Jakob Chychrun.
0:37 of 3rd period - Stopped by Ben Bishop without a rebound.
0:38 of 3rd period - Ryan Getzlaf wins face-off versus Brady Tkachuk in Canucks zone.
0:38 of 3rd period - Ryan Getzlaf is hit by Paul Stastny.
1:11 of 3rd period - Wrist shot by Sean Monahan.
1:11 of 3rd period - Stopped by Ben Bishop without a rebound.
1:12 of 3rd period - Casey Cizikas wins face-off versus Mika Zibanejad in Canucks zone.
1:37 of 3rd period - Brent Burns is hit by Dominik Kubalik and loses puck.
1:59 of 3rd period - Minor Penalty to Joel Edmundson for Interference.
2:00 of 3rd period - Blake Wheeler wins face-off versus Casey Cizikas in Bruins zone.
2:37 of 3rd period - Icing by Erik Johnson.
2:38 of 3rd period - Mika Zibanejad wins face-off versus Luke Glendening in Canucks zone.
3:02 of 3rd period - Wrist shot by Dominik Kubalik.
3:02 of 3rd period - Stopped by Petr Mrazek with a rebound.
3:04 of 3rd period - Wrist shot by Alex Tuch.
3:04 of 3rd period - Goal by Alex Tuch - Bruins : 2 - Canucks : 3.
3:05 of 3rd period - Mika Zibanejad wins face-off versus Brady Tkachuk in neutral zone.
3:17 of 3rd period - Wrist shot by Blake Wheeler.
3:17 of 3rd period - Shot Blocked by Jakob Chychrun.
3:19 of 3rd period - Snap shot by Blake Wheeler.
3:19 of 3rd period - Stopped by Petr Mrazek with a rebound.
3:21 of 3rd period - Slapshot by Darnell Nurse.
3:21 of 3rd period - Stopped by Petr Mrazek without a rebound.
3:22 of 3rd period - Sean Monahan wins face-off versus Dominik Kubalik in Bruins zone.
3:35 of 3rd period - Casey Cizikas is hit by Ryan Getzlaf.
3:47 of 3rd period - Blake Wheeler is hit by Brady Tkachuk and loses puck.
4:36 of 3rd period - Snap shot by Alex Tuch.
4:36 of 3rd period - Stopped by Petr Mrazek without a rebound.
4:37 of 3rd period - Casey Cizikas wins face-off versus Mika Zibanejad in Bruins zone.
4:39 of 3rd period - Anthony Beauvillier is hit by Mika Zibanejad and loses puck.
5:12 of 3rd period - Slapshot by Max Comtois.
5:12 of 3rd period - Shot Misses the Net.
5:24 of 3rd period - Alex Tuch is hit by Pierre-Olivier Joseph and loses puck.
5:35 of 3rd period - Snap shot by Alex Tuch.
5:35 of 3rd period - Stopped by Petr Mrazek with a rebound.
6:44 of 3rd period - Snap shot by Anthony Beauvillier.
6:44 of 3rd period - Deflect By Sean Monahan.
6:44 of 3rd period - Shot Blocked by Erik Johnson.
6:44 of 3rd period - Puck is out of play.
6:45 of 3rd period - Sean Monahan wins face-off versus Ryan Getzlaf in Canucks zone.
6:48 of 3rd period - Wrist shot by Anthony Beauvillier.
6:48 of 3rd period - Stopped by Ben Bishop without a rebound.
6:49 of 3rd period - Brady Tkachuk wins face-off versus Ryan Getzlaf in Canucks zone.
7:15 of 3rd period - Off-side.
7:16 of 3rd period - Sean Monahan wins face-off versus Mika Zibanejad in neutral zone.
7:50 of 3rd period - Wrist shot by Alex Tuch.
7:50 of 3rd period - Stopped by Petr Mrazek with a rebound.
9:05 of 3rd period - Snap shot by Brady Tkachuk.
9:05 of 3rd period - Stopped by Ben Bishop with a rebound.
9:07 of 3rd period - Snap shot by Brady Tkachuk.
9:07 of 3rd period - Stopped by Ben Bishop without a rebound.
9:08 of 3rd period - Anthony Mantha wins face-off versus Michael McLeod in Canucks zone.
9:50 of 3rd period - Nico Hischier is hit by Mika Zibanejad.
9:56 of 3rd period - Snap shot by Blake Wheeler.
9:56 of 3rd period - Shot Blocked by Max Comtois.
9:58 of 3rd period - Snap shot by Mika Zibanejad.
9:58 of 3rd period - Stopped by Petr Mrazek without a rebound.
9:59 of 3rd period - Mika Zibanejad wins face-off versus Brady Tkachuk in Bruins zone.
10:02 of 3rd period - Snap shot by Alex Killorn.
10:02 of 3rd period - Stopped by Petr Mrazek with a rebound.
10:06 of 3rd period - Snap shot by Mika Zibanejad.
10:06 of 3rd period - Stopped by Petr Mrazek with a rebound.
10:10 of 3rd period - Wrist shot by Mika Zibanejad.
10:10 of 3rd period - Stopped by Petr Mrazek with a rebound.
10:12 of 3rd period - Slapshot by Alex Killorn.
10:12 of 3rd period - Stopped by Petr Mrazek with a rebound.
10:14 of 3rd period - Snap shot by Charlie McAvoy.
10:14 of 3rd period - Shot Misses the Net.
10:16 of 3rd period - Slapshot by Darnell Nurse.
10:16 of 3rd period - Deflect By Alex Killorn.
10:16 of 3rd period - Shot Misses the Net.
10:16 of 3rd period - Puck is out of play.
10:17 of 3rd period - Sean Monahan wins face-off versus Ryan Getzlaf in Bruins zone.
10:57 of 3rd period - Wrist shot by Blake Wheeler.
10:57 of 3rd period - Shot Blocked by Jakob Chychrun.
11:34 of 3rd period - Off-side.
11:35 of 3rd period - Ryan Getzlaf wins face-off versus Andrew Agozzino in neutral zone.
11:38 of 3rd period - Snap shot by Alex Tuch.
11:38 of 3rd period - Stopped by Petr Mrazek with a rebound.
11:40 of 3rd period - Wrist shot by Alex Tuch.
11:40 of 3rd period - Stopped by Petr Mrazek without a rebound.
11:41 of 3rd period - Ryan Getzlaf wins face-off versus Sean Monahan in Bruins zone.
12:14 of 3rd period - Brady Tkachuk is hit by Blake Wheeler.
13:35 of 3rd period - Wrist shot by Anthony Mantha.
13:35 of 3rd period - Shot Misses the Net.
13:39 of 3rd period - Backhand shot by Paul Stastny.
13:39 of 3rd period - Stopped by Ben Bishop without a rebound.
13:40 of 3rd period - Jordan Martinook wins face-off versus Brady Tkachuk in Canucks zone.
13:47 of 3rd period - Wrist shot by Mika Zibanejad.
13:47 of 3rd period - Goal by Mika Zibanejad - Bruins : 2 - Canucks : 4.
13:48 of 3rd period - Sean Monahan wins face-off versus Mika Zibanejad in neutral zone.
13:55 of 3rd period - Wrist shot by Anthony Beauvillier.
13:55 of 3rd period - Stopped by Ben Bishop without a rebound.
13:56 of 3rd period - Mika Zibanejad wins face-off versus Sean Monahan in Canucks zone.
14:01 of 3rd period - Jakob Chychrun is hit by Darnell Nurse and loses puck.
14:38 of 3rd period - Snap shot by Mika Zibanejad.
14:38 of 3rd period - Shot Misses the Net.
14:40 of 3rd period - Wrist shot by Blake Wheeler.
14:40 of 3rd period - Shot Misses the Net.
14:42 of 3rd period - Wrist shot by Alex Killorn.
14:42 of 3rd period - Shot Misses the Net.
14:44 of 3rd period - Snap shot by Alex Killorn.
14:44 of 3rd period - Goal by Alex Killorn - Bruins : 2 - Canucks : 5.
14:45 of 3rd period - Ryan Getzlaf wins face-off versus Brady Tkachuk in neutral zone.
14:52 of 3rd period - Snap shot by Alex Tuch.
14:52 of 3rd period - Stopped by Petr Mrazek with a rebound.
14:54 of 3rd period - Slapshot by Oscar Klefbom.
14:54 of 3rd period - Shot Hit the Post.
14:56 of 3rd period - Slapshot by Oscar Klefbom.
14:56 of 3rd period - Stopped by Petr Mrazek with a rebound.
14:58 of 3rd period - Snap shot by Alex Tuch.
14:58 of 3rd period - Shot Blocked by Pierre-Olivier Joseph.
15:00 of 3rd period - Slapshot by Oscar Klefbom.
15:00 of 3rd period - Shot Misses the Net.
17:33 of 3rd period - Wrist shot by Brady Tkachuk.
17:33 of 3rd period - Shot Misses the Net.
17:35 of 3rd period - Slapshot by Andy Greene.
17:35 of 3rd period - Shot Misses the Net.
18:05 of 3rd period - Jakob Chychrun is hit by Ryan Getzlaf and loses puck.
18:16 of 3rd period - Sean Monahan is hit by Victor Mete and loses puck.
18:23 of 3rd period - Darnell Nurse is hit by Dmitry Kulikov and loses puck.
18:30 of 3rd period - Wrist shot by Anthony Beauvillier.
18:30 of 3rd period - Stopped by Ben Bishop without a rebound.
18:31 of 3rd period - Ryan Getzlaf wins face-off versus Brady Tkachuk in Canucks zone.
18:31 of 3rd period - Ryan Getzlaf is hit by Brady Tkachuk.
18:47 of 3rd period - Wrist shot by Ryan Getzlaf.
18:47 of 3rd period - Shot Misses the Net.
19:09 of 3rd period - Snap shot by Alex Killorn.
19:09 of 3rd period - Stopped by Petr Mrazek with a rebound.
Goals for this period are 0 for Bruins vs 3 for Canucks.
Shots for this period are 8 for Bruins vs 20 for Canucks.